cohdb
Replays
Latest Replays
All Replays
Popular Replays
Top Player Replays
Match Explorer
How It Works
Community
CoH3 Stats
Reddit
Sign in to upload your games and track your stats! →
Sign in with Steam
Match 43263178
Unlisted
Match 43263178
Overview
Messages
Build Orders
End
Kettenkrad Recon Vehicle
Construct Infanterie Kompanie
MG 42 Machine Gun Team
MG 42 Machine Gun Team
Grenadier Squad
Construct Luftwaffe Kompanie
Grenadier Squad
221 Scout Car
Jäger Squad
Medical Bunker
Jäger Squad
Construct Panzer Kompanie
Panzer IV Medium Tank
masterx.
Alân
Mr.=
GSK7717
B1t
SkyCurv
lap
borys771
0
0
Comments
sign in to comment!
No comments posted yet!